 Dungeon Crawl Stone Soup version 0.30-a0-137-gd8773701ce (webtiles) character file.

Game seed: 10406066476240470840

313 juncz the Magician (level 6, 0/47 HPs)
             Began as a Djinni Conjurer on Sept 23, 2022.
             Slain by Edmund
             ... wielding a +5 flail of protection
              (10 damage)
             ... on level 4 of the Dungeon.
             The game lasted 00:07:41 (4444 turns).

juncz the Magician (Djinni Conjurer)                Turns: 4444, Time: 00:07:42

Health: 0/47       AC:  4    Str:  6    XL:     6   Next: 71%
Gold:   165        EV: 12    Int: 21    God:
                   SH:  0    Dex: 12

rFire   + + .      SeeInvis .    m - staff of conjuration
rCold   x . .      Faith    .    (no shield)
rNeg    . . .      Spirit   .    a - +0 robe
rPois   ∞          Reflect  .    p - +0 helmet
rElec   .          Harm     .    (no cloak)
rCorr   .          Rampage  .    j - +0 pair of gloves
Will    .....                    (boots unavailable)
Stlth   ++........               n - amulet of the acrobat
HPRegen 0.15/turn                (no ring)
MPRegen 0.00/turn                (no ring)

@: flying, very slightly contaminated
A: sickness immunity, fire resistance 2, cold vulnerability 1, float, innate
caster, HP casting, extra vitality 1
a: no special abilities


You were on level 4 of the Dungeon.
You visited 1 branch of the dungeon, and saw 4 of its levels.

You collected 165 gold pieces.

Inventory:

Armour
 a - a +0 robe (worn)
 j - a +0 pair of gloves (worn)
 p - a +0 helmet (worn)
Magical Staves
 m - a staff of conjuration (weapon)
Jewellery
 n - an amulet of the acrobat (around neck)
Scrolls
 d - 2 scrolls of enchant weapon
 i - a scroll of enchant armour
 k - a scroll of poison
 q - 2 scrolls of teleportation {unknown}
Potions
 b - a potion of degeneration {unknown}
 e - 2 potions of attraction {unknown}
 g - a potion of lignification {unknown}
 h - 3 potions of brilliance {unknown}
 l - a potion of mutation {unknown}
 o - 3 potions of haste {unknown}
 r - a potion of curing {unknown}


   Skills:
 + Level 4.2 Fighting
 - Level 2.1 Dodging
 - Level 1.5 Stealth
 + Level 4.7 Spellcasting


You couldn't memorise any spells.
You knew the following spells:

 Your Spells              Type           Power      Damage    Failure   Level
a - Magic Dart            Conj           100%       1d8       1%          1
b - Searing Ray           Conj           74%        2d7       2%          2
c - Dazzling Flash        Conj/Hex       74%        N/A       4%          3
d - Fulminant Prism       Conj/Hex       18%        3d11      16%         4
e - Iskenderun's Mystic   Conj/Tloc      37%        2d9       16%         4
f - Sandblast             Erth           48%        2d12      1%          1
g - Scorch                Fire           48%        2d7       2%          2
Your spell library was empty.

Dungeon Overview and Level Annotations

Branches:
Dungeon (4/15)
 Temple: D:4-7

Altars:

Annotations:
D:4 Edmund


Innate Abilities, Weirdness & Mutations

You are immune to sickness and miasma.
You are immune to poison.
Your flesh is very heat resistant. (rF++)
You are vulnerable to cold. (rC-)
You float through the air rather than walking.
You learn spells naturally, not from books.
Your magical power is your life essence.
You have superior vitality. (+4 MHP)


Message History

The mystic blast hits Edmund.
Edmund is lightly wounded.
Edmund is knocked back by the mystic blast.
You hear a shout!
You are too injured to fight recklessly!
Casting: Iskenderun's Mystic Blast (quite dangerous; 16% risk of failure)
Confirm with . or Enter, or press ? or * to list all spells.
Okay, then.
Aiming: Sandblast (safe; 1% risk of failure)
Press: ? - help, Q - select action, (/) - cycle Shift-Dir - straight line, f/p - Edmund
Aim: Edmund, wielding a +5 flail of protection and wearing a +0 ring mail (lightly wounded, 85% to hit)
The blast of sand misses Edmund.
Casting: Sandblast (safe; 1% risk of failure)
Confirm with . or Enter, or press ? or * to list all spells.
Aiming: Sandblast (safe; 1% risk of failure)
Press: ? - help, Shift-Dir - straight line, f/p - Edmund
Aim: Edmund, wielding a +5 flail of protection and wearing a +0 ring mail (lightly wounded, 85% to hit)
You miscast Sandblast.
You are very lightly contaminated with residual magic.
Nothing appears to happen.
Casting: Sandblast (safe; 1% risk of failure)
Confirm with . or Enter, or press ? or * to list all spells.
Aiming: Sandblast (safe; 1% risk of failure)
Press: ? - help, Shift-Dir - straight line, f/p - Edmund
Aim: Edmund, wielding a +5 flail of protection and wearing a +0 ring mail (lightly wounded, 85% to hit)
The blast of sand hits Edmund.
Edmund is lightly wounded.
* * * LOW HITPOINT WARNING * * *
Edmund hits you with a +5 flail of protection.
* * * LOW HITPOINT WARNING * * *
Casting: Sandblast (safe; 1% risk of failure)
Confirm with . or Enter, or press ? or * to list all spells.
Aiming: Sandblast (safe; 1% risk of failure)
Press: ? - help, Shift-Dir - straight line, f/p - Edmund
Aim: Edmund, wielding a +5 flail of protection and wearing a +0 ring mail (lightly wounded, 85% to hit)
The blast of sand hits Edmund!
Edmund is moderately wounded.
* * * LOW HITPOINT WARNING * * *
Edmund hits you with a +5 flail of protection!
You die...

###..)....#####g..#
##........#.....#
##......#...##...
#......###..# .
##.###### #..# .
#..# ##.#
...####.## #.#
........# ..#
......@@# ..#
..........# .#
......###....
...... #...# #.....
#...# #...#. ...#
##.. ... #. ..


You could see Edmund.

Vanquished Creatures
  A black bear (D:3)
  2 orc priests
  An orc wizard (D:3)
  Robin (D:2)
  A gnoll (D:4)
  3 adders
  A white imp (D:4)
  A dart slug (D:2)
  A worm (D:2)
  4 orcs
  8 ball pythons
  11 endoplasms
  3 giant cockroaches
  15 goblins
  6 hobgoblins
  5 bats
  7 frilled lizards
  8 kobolds
  5 rats
84 creatures vanquished.

Notes
Turn   | Place    | Note
-------+----------+-------------------------------------------
     0 | D:1      | juncz the Djinni Conjurer began the quest for the Orb.
     0 | D:1      | juncz set off with the following spells memorised: Magic
                  | Dart, Searing Ray, Dazzling Flash, Fulminant Prism,
                  | Iskenderun's Mystic Blast.
     0 | D:1      | Reached XP level 1. HP: 15/15 MP: 0/0
   379 | D:1      | Reached skill level 1 in Fighting
   379 | D:1      | Reached XP level 2. HP: 12/22 MP: 0/0
   923 | D:1      | Reached XP level 3. HP: 24/27 MP: 0/0
   923 | D:1      | Learned a level 1 spell: Sandblast
  1032 | D:1      | Found a faded altar of an unknown god.
  1623 | D:2      | Noticed Robin
  1629 | D:2      | Killed Robin
  1630 | D:2      | Reached XP level 4. HP: 25/33 MP: 0/0
  2069 | D:2      | Reached XP level 5. HP: 34/40 MP: 0/0
  2069 | D:2      | Learned a level 2 spell: Scorch
  3554 | D:4      | Reached XP level 6. HP: 39/47 MP: 0/0
  3612 | D:4      | Noticed an orc warrior
  4081 | D:4      | Noticed a black bear
  4095 | D:3      | Killed a black bear
  4429 | D:4      | Noticed Edmund
  4444 | D:4      | Slain by Edmund

Illustrated notes

Levels and vault maps discovered:
D:1:      onia_arrival_mini_maze_b, layout_loops_ring,
          ebering_ecumenical_altar_hall, minmay_hedge_maze, st_stairs_6,
          minmay_indecisive_spiral
D:2:      layout_basic, uniq_robin
D:3:      layout_loops_ring
D:4:      layout_layer_cave, chequers_temple_overflow_minitemple,
          guppyfry_early_orc_mine, uniq_edmund

Skill      XL: |  1  2  3  4  5  6 |
---------------+-------------------+-----
Fighting       | 1 2 3 4 |  4.2
Spellcasting   | 4 |  4.7
Dodging        | |  2.1
Stealth        | |  1.5

Action                   |  1- 3 |  4- 6 || total
-------------------------+-------+-------++-------
 Cast: Magic Dart        |    50 |    25 ||    75
       Sandblast         |    17 |    74 ||    91
       Iskenderun's Myst |       |     1 ||     1
  Use: Scroll            |       |     4 ||     4
Armor: Robe              |     1 |     6 ||     7
Dodge: Dodged            |     6 |    21 ||    27

Table legend: (Time is in decaauts)
 A = Elapsed time spent in this place.
 B = Non-inter-level travel time spent in this place.
 C = Inter-level travel time spent in this place.
 D = Time resting spent in this place.
 E = Time spent auto-exploring this place.
 F = Levels seen in this place.
 G = Mean time per level.
                   A        B        C        D        E       F      G
               +--------+--------+--------+--------+--------+-----+--------+
         Total |   4489 |   4353 |    136 |    937 |   2979 |   4 | 1122.2 |
       Dungeon |   4489 |   4353 |    136 |    937 |   2979 |   4 | 1122.2 |
               +--------+--------+--------+--------+--------+-----+--------+

Top non-repeatable levels by time:
     D:3: 1711 daAuts
     D:1: 1418 daAuts
     D:2: 1097 daAuts
     D:4: 261 daAuts
